 Dungeon Crawl Stone Soup version 0.23.2 (webtiles) character file.

Game seed: 12070181690163349564

23 Borgoz the Sneak (level 2, 0/23 HPs)
             Began as a Ghoul Enchanter on Apr 4, 2019.
             Slain by a goblin (4 damage)
             ... on level 2 of the Dungeon.
             The game lasted 00:01:49 (1681 turns).

Borgoz the Sneak (Ghoul Enchanter)                  Turns: 1681, Time: 00:01:49

Health: 0/23       AC:  5    Str: 11    XL:     2   Next: 95%
Magic:  3/3        EV: 10    Int: 10    God:
Gold:   41         SH:  0    Dex:  9    Spells: 3/4 levels left

rFire    . . .     SeeInvis .   b - +0 dagger (curse)
rCold    + . .     Gourm    .   (no shield)
rNeg     + + +     Faith    .   g - +0 ring mail
rPois    ∞         Spirit   .   (no helmet)
rElec    .         Reflect  .   (no cloak)
rCorr    .         Harm     .   (no gloves)
MR       .....                  (no boots)
Stlth    +.........             (no amulet)
HPRegen  0.00/turn              (no ring)
MPRegen  0.08/turn              (no ring)

@: rotting
A: rotting body, claws 1, carnivore, cold resistance 1, negative energy
resistance 3, inhibited regeneration, torment resistance, unbreathing
a: no special abilities


You were on level 2 of the Dungeon.
You were not hungry.

You visited 1 branch of the dungeon, and saw 2 of its levels.

You collected 41 gold pieces.

Inventory:

Hand Weapons
 a - a +1 dagger
 b - a cursed +0 dagger (weapon)
Armour
 g - a +0 ring mail (worn)
Potions
 c - a potion of agility {unknown}
 f - a potion of heal wounds {unknown}
Comestibles
 d - 2 rations


   Skills:
 + Level 1.1 Fighting
 * Level 1.5 Short Blades
 * Level 1.0 Armour
 + Level 1.9 Dodging
 - Level 3.2 Stealth
 - Level 1.7 Spellcasting
 - Level 2.4 Hexes


You had 3 spell levels left.
You knew the following spells:

 Your Spells              Type           Power        Failure   Level  Hunger
a - Corona                Hex            #......      28%         1    ##.....

Your spell library contained the following spells:

 Spells                   Type           Power        Failure   Level  Hunger
 Ensorcelled Hibernation  Hex/Ice        #.....       56%         2    ###....
 Confuse                  Hex            #.......     63%         3    ####...
 Tukima's Dance           Hex            #.......     63%         3    ####...
 Dazzling Spray           Conj/Hex       #.....       80%         3    ####...


Dungeon Overview and Level Annotations

Branches:
Dungeon (2/15)

Altars:


Innate Abilities, Weirdness & Mutations

Your body is rotting away.
You thrive on raw meat.
You are immune to poison.
You have sharp fingernails.
You are carnivorous and can eat meat at any time.
Your flesh is cold resistant. (rC+)
You are immune to negative energy. (rN+++)
You do not regenerate when monsters are visible.
You are immune to unholy pain and torment.
You can survive without breathing.


Message History

The hobgoblin hits you.
* * * LOW HITPOINT WARNING * * *
You hit the hobgoblin but do no damage.
The hobgoblin is severely wounded.
The hobgoblin barely misses you.
You barely miss the hobgoblin.
The hobgoblin is severely wounded.
You hit the hobgoblin but do no damage.
The hobgoblin is severely wounded.
The hobgoblin hits you but does no damage.
Your ring mail prevents you from hitting the hobgoblin.
The hobgoblin is severely wounded.
The hobgoblin hits you.
* * * LOW HITPOINT WARNING * * *
You hit the hobgoblin.
You kill the hobgoblin!
You hit the goblin.
The goblin is severely wounded.
The goblin hits you.
You die...

.? #. #. #.# .##.## ..
..#... ... #.#..
...############.#..
..............#@#.####
............#.#g#.S..####
............#.#g#.......###
............#.#.S..w......#
#+#.<........)..#..g.......
#.............#.###g####.
#.............#.# ...
#########.....#.# .?.#
..........#.# ..g#


You could see a hobgoblin, a goblin and a ball python.

Vanquished Creatures
  A leopard gecko (D:1)
  3 ball pythons
  4 goblins
  3 hobgoblins
  5 bats
  A frilled lizard (D:2)
  3 kobolds (D:1)
20 creatures vanquished.

Notes
Turn   | Place    | Note
-------+----------+-------------------------------------------
     0 | D:1      | Borgoz the Ghoul Enchanter began the quest for the Orb.
     0 | D:1      | Reached XP level 1. HP: 14/14 MP: 2/2
   154 | D:1      | Reached skill level 1 in Short Blades
   337 | D:1      | Reached XP level 2. HP: 4/22 MP: 3/3
   941 | D:1      | Reached skill level 1 in Fighting
  1673 | D:2      | Reached skill level 1 in Armour
  1681 | D:2      | Slain by a goblin

Skill      XL: |  1  2 |
---------------+-------+-----
Short Blades   | 1 |  1.5
Fighting       | 1 |  1.1
Armour         | 1 |  1.0
Dodging        | |  1.9
Stealth        | |  3.2
Spellcasting   | |  1.7
Hexes          | |  2.4

Action                   || total
-------------------------++-------
Melee: Dagger            ||   116
  Use: Scroll            ||     1
 Stab: Sleeping          ||     2
  Eat: Chunk             ||     3
Armor: Robe              ||    13
       Ring mail         ||    35
Dodge: Dodged            ||    63
